[Event "14th Chennai GM Open 2023"]
[Site "Chennai"]
[Date "2024.01.02"]
[Round "4.10"]
[White "Nguyen, Duc Hoa"]
[Black "Sharnarthi Shlok"]
[Result "1-0"]
[ECO "B55"]
[WhiteElo "2322"]
[BlackElo "1832"]
[Annotator "RC"]
[PlyCount "81"]
[EventDate "2023.12.31"]
[EventType "swiss"]
[EventCountry "IND"]
[SourceTitle "playchess.com"]
[Source "ChessBase"]
[SourceQuality "1"]
[TimeControl "5400+30"]

1. e4 c5 2. Nf3 d6 3. d4 cxd4 4. Nxd4 Nf6 5. f3 g6 6. c4 Bg7 7. Nc3 O-O 8. Be3 Nc6 9. Nc2 Be6 10. Qd2 Rc8 11. Rc1 a6 12. Be2 Nd7 13. O-O Nce5 14. b3 Nb8 15. Nd4 Bd7 16. Rfd1 f5 17. exf5 gxf5 18. Bh6 Ng6 19. Bxg7 Kxg7 20. f4 e5 21. Nf3 Qb6+ 22. Kf1 Nxf4 23. Nd5 Nxd5 24. Qg5+ Kh8 25. Rxd5 Be6 26. Rd2 e4 27. Nh4 Nd7 28. Ng6+ Kg7 29. Nf4+ Kh8 30. Nxe6 Rf7 31. Qf4 d5 32. Ng5 Rg7 33. Rxd5 Rcg8 34. Rxd7 Rxd7 35. Qe5+ Rgg7 36. Qe8+ Rg8 37. Qxd7 Rxg5 38. Qe8+ Kg7 39. Rd1 Rg6 40. Qe7+ Kh6 41. Qh4+ 1-0

[Event "14th Chennai GM Open 2023"]
[Site "Chennai"]
[Date "2024.01.02"]
[Round "4.11"]
[White "Adhiraj Mitra"]
[Black "Saravana, Krishnan P."]
[Result "0-1"]
[ECO "B15"]
[WhiteElo "1549"]
[BlackElo "2269"]
[Annotator "RC"]
[PlyCount "80"]
[EventDate "2023.12.31"]
[EventType "swiss"]
[EventCountry "IND"]
[SourceTitle "playchess.com"]
[Source "ChessBase"]
[SourceQuality "1"]
[TimeControl "5400+30"]

1. e4 c6 2. d4 d5 3. Nc3 dxe4 4. Nxe4 Nf6 5. Nxf6+ exf6 6. Nf3 Bd6 7. Be2 O-O 8. Be3 Re8 9. Qd2 Nd7 10. O-O-O Nf8 11. d5 c5 12. Qc3 Bd7 13. Rhe1 Qc7 14. Nd2 b5 15. Bf3 b4 16. Qd3 Ng6 17. Nc4 Bb5 18. Qb3 Bxc4 19. Qxc4 a5 20. Kb1 a4 21. g3 Ne5 22. Qe2 c4 23. Bg2 c3 24. Bd4 Reb8 25. Bxe5 fxe5 26. b3 g6 27. Rc1 Ra5 28. Qd3 Qa7 29. Re2 Ra8 30. a3 axb3 31. cxb3 Rxa3 32. Kc2 Rxb3 33. Kd1 Ra3 34. Qc4 Ra1 35. Rec2 Rxc1+ 36. Rxc1 Qxf2 37. Qe2 Qd4+ 38. Ke1 b3 39. Rd1 Qg1+ 40. Bf1 c2 0-1

[Event "14th Chennai GM Open 2023"]
[Site "Chennai"]
[Date "2024.01.02"]
[Round "4.12"]
[White "Ajay Karthikeyan"]
[Black "Haridev S"]
[Result "1-0"]
[ECO "A05"]
[WhiteElo "2423"]
[BlackElo "1647"]
[Annotator "RC"]
[PlyCount "159"]
[EventDate "2023.12.31"]
[EventType "swiss"]
[EventCountry "IND"]
[SourceTitle "playchess.com"]
[Source "ChessBase"]
[SourceQuality "1"]
[TimeControl "5400+30"]

1. Nf3 Nf6 2. b3 c5 3. Bb2 Nc6 4. e3 e6 5. Bb5 Qb6 6. Na3 a6 7. Nc4 Qc7 8. Bxc6 Qxc6 9. a4 d5 10. Nce5 Qc7 11. Ng5 Be7 12. Ngxf7 O-O 13. Ng5 Bd6 14. f4 d4 15. Nc4 Bd7 16. a5 e5 17. fxe5 Bxe5 18. Qe2 Bg3+ 19. Kd1 Bg4 20. Nf3 Ne4 21. Kc1 Bxh2 22. Nb6 Rae8 23. Qc4+ Be6 24. Qa4 Bg3 25. exd4 Qf4 26. dxc5 Rd8 27. Kb1 Nxd2+ 28. Nxd2 Rxd2 29. Qxf4 Bxf4 30. Ra4 Rxg2 31. Re1 Bf5 32. Rc4 Bd2 33. Rd1 Bxa5 34. Nd5 Kh8 35. Ne3 Rf2 36. Rg1 Bg6 37. c6 bxc6 38. Rxc6 Bd2 39. Nd5 a5 40. Ne7 Rf1+ 41. Rxf1 Rxf1+ 42. Ka2 Rf8 43. Rc7 Bh6 44. c4 Bc2 45. Bc3 a4 46. bxa4 Bf4 47. Ra7 Be3 48. Rb7 h5 49. Rb5 Kh7 50. Rxh5+ Bh6 51. a5 Rf7 52. Nd5 Bd3 53. Kb3 g5 54. Bd2 Kg6 55. Rh3 Bf5 56. Rg3 g4 57. Bxh6 Kxh6 58. Ne3 Rb7+ 59. Ka3 Kg5 60. Nxf5 Kxf5 61. Rg1 Ke5 62. Rxg4 Kd6 63. Rg5 Kc6 64. a6 Rb1 65. Ra5 Ra1+ 66. Kb4 Rb1+ 67. Kc3 Rb8 68. a7 Ra8 69. Kb4 Kb6 70. c5+ Kc6 71. Ra6+ Kc7 72. Kb5 Kb7 73. c6+ Kc7 74. Ra2 Re8 75. a8=Q Re5+ 76. Kc4 Rc5+ 77. Kd3 Rd5+ 78. Ke4 Rc5 79. Qb7+ Kd6 80. Qd7# 1-0

[Event "14th Chennai GM Open 2023"]
[Site "Chennai"]
[Date "2024.01.02"]
[Round "4.13"]
[White "Anilkumar, O.T."]
[Black "Srihari L R"]
[Result "0-1"]
[ECO "D00"]
[WhiteElo "1877"]
[BlackElo "2467"]
[Annotator "TA"]
[PlyCount "160"]
[EventDate "2023.12.31"]
[EventType "swiss"]
[EventCountry "IND"]
[SourceTitle "playchess.com"]
[Source "ChessBase"]
[SourceQuality "1"]
[TimeControl "5400+30"]

1. d4 Nf6 2. Bf4 d5 3. e3 c5 4. c3 Nc6 5. Nd2 cxd4 (5... Bf5 {feels hotter.} 6. Ngf3 Qb6 7. dxc5 Qxb2 8. Nd4 e5) 6. exd4 {[%emt 0:00:08] D00: 1 d4 d5: Unusual lines.} g6 7. Ngf3 Nh5 8. Bg3 (8. Be3 $14) 8... Bg7 9. Be2 O-O 10. O-O Nxg3 11. hxg3 {[%emt 0:00:03] [#]} h5 $146 ({Predecessor:} 11... f6 12. c4 Be6 13. Re1 Qd7 14. Bf1 Bf7 15. Qb3 Rad8 16. Rad1 Rfe8 17. cxd5 Bxd5 {1-0 Esipenko,A (2593)-Blagojevic,D (2497) EU-ch rapid Skopje 2018 (12)}) 12. Re1 Bf6 13. Bd3 Bg4 14. Qb3 Qd6 15. Re3 Bg7 16. Rae1 Bh6 17. R3e2 Rab8 18. a4 (18. Nf1 $11) 18... h4 19. Nf1 hxg3 20. fxg3 Bg7 (20... Kg7 {is more complex.} 21. Rf2 Rh8 22. Ne5 Nxe5 23. dxe5 Qc5) 21. N1h2 Bd7 ({Resist} 21... Qxg3 22. Nxg4 (22. Qxd5 Bh5 $11) 22... Qxg4 23. Qxd5 $14) 22. g4 Rfe8 23. Ne5 $1 Nxe5 24. dxe5 Qc5+ 25. Kf1 Be6 ({Black should play} 25... a6 $17 26. g5 Rec8) 26. Qb5 b6 (26... Qxb5 {simplifies} 27. axb5 Red8 28. g5 d4) 27. g5 {[%emt 0:00:50] Inhibits Bh6.} d4 28. cxd4 Qxd4 29. Nf3 Qd5 30. Qxd5 Bxd5 31. Kf2 Red8 32. Ba6 e6 33. Rc1 Bf8 34. Rc7 Bc5+ 35. Kg3 Re8 36. Rc2 Bb3 {[%emt 0:00:11] This pair of bishops is nice.} 37. Rc3 Bd5 38. Kf4 Kf8 39. Rxa7 Ra8 40. Rxa8 Rxa8 41. Bb5 Kg7 42. Nh2 Bb4 43. Rd3 Rc8 44. Ng4 Rc2 45. Nf6 $1 {[%emt 0:07:03] [#] Black must now prevent Rh3.} Rf2+ 46. Kg3 Rxg2+ 47. Kh3 Rxg5 48. Nxd5 exd5 49. Rxd5 $11 {[%emt 0:00:00][%mdl 4096] Endgame KRB-KRB} Be1 50. Bc4 Rg3+ 51. Kh2 Re3 52. Rd7 Bg3+ 53. Kg2 {[%emt 0:00:00] Hoping for e6.} Bxe5 54. Rxf7+ Kh6 55. Rf3 Re1 56. Rf1 Re4 57. b3 Bd4 58. Kf3 Re3+ 59. Kf4 Re7 60. Kg4 Kg7 61. Rf3 Bc5 62. Bd5 Re1 63. Rf7+ Kh6 64. Rf3 Rg1+ 65. Rg3 Rd1 66. Be4 Rd4 67. Kf3 g5 68. Rg2 Rb4 69. Bd5 {[%emt 0:02:58] Bc4 is the strong threat.} Rf4+ 70. Ke2 $1 g4 71. Bc6 Kg5 72. Kd3 (72. Bd7 $5) 72... Kh4 73. Re2 {[%emt 0:00:10] The position is equal.} Rd4+ 74. Kc3 Rd6 75. Bg2 Kg3 76. b4 Bf2 77. Bb7 Rd7 78. Be4 Rd4 79. Ba8 {[%emt 0:00:43][%cal Oe2f2] [#] Threatens to win with Rxf2!} Rf4 80. Be4 Kh3 {[%emt 0:01:04][%mdl 32768] Weighted Error Value: White=0.08 (flawless) /Black=0.07 (flawless) . Sensor Board Error (Ke4/e5)?} 0-1

[Event "14th Chennai GM Open 2023"]
[Site "Chennai"]
[Date "2024.01.02"]
[Round "4.14"]
[White "Podolchenko, Evgeniy"]
[Black "Mummana Venkata Ruthvik"]
[Result "1/2-1/2"]
[ECO "E71"]
[WhiteElo "2376"]
[BlackElo "1841"]
[Annotator "RC"]
[PlyCount "89"]
[EventDate "2023.12.31"]
[EventType "swiss"]
[EventCountry "IND"]
[SourceTitle "playchess.com"]
[Source "ChessBase"]
[SourceQuality "1"]
[TimeControl "5400+30"]

1. d4 Nf6 2. c4 g6 3. Nc3 Bg7 4. e4 d6 5. h3 O-O 6. Be3 e5 7. d5 a5 8. g4 Ne8 9. Nge2 f5 10. gxf5 gxf5 11. exf5 Bxf5 12. Ng3 Bd7 13. h4 Nf6 14. Be2 Qc8 15. Rg1 Kh8 16. Qd2 Na6 17. Nce4 Nxe4 18. Nxe4 Bf5 19. Bd3 Qd7 20. a3 Bxe4 21. Bxe4 Nc5 22. Qc2 Nxe4 23. Qxe4 Qf5 24. Rg4 Qxe4 25. Rxe4 h5 26. Ke2 Kh7 27. c5 dxc5 28. Rg1 Bf6 29. Bxc5 Rfd8 30. Rd1 Kg6 31. f4 Kf5 32. Kf3 Rg8 33. Rde1 Rae8 34. Bd4 Rg4 35. Bxe5 Bxh4 36. R1e3 Rg3+ 37. Ke2 Rxe3+ 38. Rxe3 Bd8 39. Kf3 h4 40. Rc3 Re7 41. d6 cxd6 42. Bxd6 Rh7 43. Rc5+ Ke6 44. Bb8 h3 45. Ke4 1/2-1/2

[Event "14th Chennai GM Open 2023"]
[Site "Chennai"]
[Date "2024.01.03"]
[Round "5.2"]
[White "Glek, Igor"]
[Black "Nguyen, Duc Hoa"]
[Result "0-1"]
[ECO "B51"]
[WhiteElo "2429"]
[BlackElo "2322"]
[Annotator "RC"]
[PlyCount "128"]
[EventDate "2023.12.31"]
[EventType "swiss"]
[EventCountry "IND"]
[SourceTitle "playchess.com"]
[Source "ChessBase"]
[SourceQuality "1"]
[TimeControl "5400+30"]

1. e4 c5 2. Nf3 d6 3. Bb5+ Nc6 4. O-O Bd7 5. Re1 a6 6. Bxc6 Bxc6 7. d4 cxd4 8. Nxd4 Rc8 9. c4 e6 10. Nc3 Be7 11. b3 Nf6 12. Bb2 O-O 13. Qe2 Qa5 14. a4 Rfe8 15. Rad1 Nd7 16. Rd3 Bf6 17. Red1 d5 18. Qd2 Bxd4 19. Rxd4 dxc4 20. Rxc4 Ne5 21. Rd4 Ng6 22. h3 h5 23. b4 Qe5 24. Qe3 h4 25. R4d2 Qh5 26. Qe2 Qxe2 27. Rxe2 b5 28. axb5 Bxb5 29. Nxb5 axb5 30. Rc1 Rxc1+ 31. Bxc1 Ra8 32. Rc2 Ne5 33. Bg5 Ra4 34. Rc5 Nd3 35. Rxb5 Ra1+ 36. Kh2 Nxf2 37. Bxh4 Rh1+ 38. Kg3 Nxe4+ 39. Kf3 f5 40. Bd8 Rf1+ 41. Ke3 Re1+ 42. Kf4 g5+ 43. Bxg5 Rf1+ 44. Ke5 Nxg5 45. Kf6 Ne4+ 46. Kxe6 Ng3 47. Rd5 Kg7 48. Rd3 Re1+ 49. Kd5 f4 50. b5 Kf6 51. b6 Rb1 52. Kc6 Ne4 53. Rd4 Ke5 54. Rd5+ Ke6 55. Rh5 Rc1+ 56. Kb7 Rc2 57. Rh4 Nc5+ 58. Kb8 Nd7+ 59. Kb7 Ke5 60. Rg4 Rb2 61. Rg5+ Ke4 62. Rg6 Nxb6 63. Kc6 Nc4 64. Kc5 Rc2 0-1

[Event "14th Chennai GM Open 2023"]
[Site "Chennai"]
[Date "2024.01.03"]
[Round "5.3"]
[White "Saravana, Krishnan P."]
[Black "Khusenkhojaev, Muhammad"]
[Result "0-1"]
[ECO "A48"]
[WhiteElo "2269"]
[BlackElo "2366"]
[Annotator "RC"]
[PlyCount "141"]
[EventDate "2023.12.31"]
[EventType "swiss"]
[EventCountry "IND"]
[SourceTitle "playchess.com"]
[Source "ChessBase"]
[SourceQuality "1"]
[TimeControl "5400+30"]

1. d4 Nf6 2. Nf3 g6 3. Bf4 Bg7 4. c3 b6 5. Nbd2 Bb7 6. Qc2 d5 7. e3 c5 8. Bb5+ Nbd7 9. Ne5 a6 10. Be2 O-O 11. h4 h5 12. f3 Rc8 13. g4 cxd4 14. exd4 b5 15. a3 hxg4 16. fxg4 Ne4 17. Ndf3 Nxe5 18. Nxe5 Bxe5 19. Bxe5 f6 20. Bf4 Qb6 21. Qd3 Bc6 22. O-O a5 23. Qe3 Rf7 24. Bd3 Qb7 25. g5 Qd7 26. Bxe4 dxe4 27. Bg3 Qh3 28. Rf4 Rcf8 29. Raf1 Bd5 30. gxf6 Rxf6 31. Rxf6 exf6 32. Rf2 Rf7 33. Rh2 Qg4 34. Rg2 Qf3 35. Bf2 Kh7 36. Rg3 Qd1+ 37. Kh2 Qh5 38. Qf4 Kg7 39. Be3 Rb7 40. Rg2 Rf7 41. Qg4 Qxg4 42. Rxg4 Rd7 43. Rg1 Kf7 44. Kg3 Rb7 45. Bd2 Rb8 46. Rf1 Ke6 47. Ra1 a4 48. Rf1 Rh8 49. Be3 Rh5 50. Kg4 Bc6 51. Rf2 Bd7 52. Kg3 Ke7 53. d5 Rxd5 54. Bd4 Bf5 55. Kf4 Ke6 56. Ke3 Rd7 57. Rd2 Rh7 58. Rh2 g5 59. h5 Rh6 60. Bc5 Bg6 61. Bf8 Rxh5 62. Rxh5 Bxh5 63. Kxe4 f5+ 64. Kd4 Be2 65. Bc5 Bf1 66. Bb6 f4 67. Ke4 Bg2+ 68. Kd3 Kf5 69. Bd8 Bf1+ 70. Kd4 g4 71. b3 0-1

[Event "14th Chennai GM Open 2023"]
[Site "Chennai"]
[Date "2024.01.03"]
[Round "5.4"]
[White "Matta, Vinay Kumar"]
[Black "Aronyak Ghosh"]
[Result "1/2-1/2"]
[ECO "B15"]
[WhiteElo "2132"]
[BlackElo "2545"]
[Annotator "TA"]
[PlyCount "102"]
[EventDate "2023.12.31"]
[EventType "swiss"]
[EventCountry "IND"]
[SourceTitle "playchess.com"]
[Source "ChessBase"]
[SourceQuality "1"]
[TimeControl "5400+30"]

1. e4 c6 2. d4 d5 3. Nc3 dxe4 4. Nxe4 Nf6 5. Nxf6+ exf6 6. c3 Bd6 7. Bd3 O-O 8. Ne2 Re8 9. Be3 {[%emt 0:01:36] B15: Caro-Kann: 3 Nc3: 3...g6 and 3...dxe4 4 Nxe4 Nf6 5 Nxf6+ exf6.} f5 10. Qd2 {[%emt 0:03:10] [#]} Be6 $146 ({Predecessor:} 10... Qc7 11. O-O-O b5 12. h3 Be6 13. g4 Bxa2 14. gxf5 f6 15. Rhg1 Kh8 16. Nf4 Bxf4 17. Bxf4 {1-0 Van Rootselaar,R (1828)-Ruzaykyn,O Leiden Noteboom Memorial 82nd 2023 (4)}) 11. O-O {[%emt 0:01:33] White has an edge.} Nd7 12. Nf4 g6 13. Nxe6 Rxe6 14. Bc4 Re8 15. Bf4 Nf6 {[%emt 0:09:10] The position is equal.} 16. Rae1 Ne4 {[%emt 0:08:18] Against Bg5} 17. Qc1 Qf6 18. Bxd6 Nxd6 19. Bb3 f4 20. Rxe8+ Rxe8 21. Re1 Rxe1+ 22. Qxe1 $11 {[%emt 0:00:04][%mdl 4096] Endgame KQB-KQN} Qf5 23. h3 {[%emt 0:03:23] [#] Qe7 is the strong threat.} Kf8 {[%emt 0:01:09] Dodges Qe7+} 24. Qe2 h5 25. Bc2 Qd5 26. b3 Qa5 27. Qd2 Nb5 28. Qxf4 Nxc3 {[%emt 0:00:08] [#] ...Ne2+ would be deadly.} 29. Kh2 (29. Bxg6 $2 {too greedy.} Ne2+ 30. Kh2 Nxf4 $19) 29... Kg7 30. Bd3 Qd8 ({Resist} 30... Nxa2 31. Bc4 Qf5 32. Qd2 $14) 31. a3 h4 32. Qe5+ Qf6 33. f4 Qxe5 34. dxe5 {[%emt 0:00:16] KB-KN} a5 35. g3 Nd5 36. Kg2 f6 37. exf6+ Kxf6 38. Kf3 hxg3 39. Kxg3 b5 40. Kf3 Nc3 41. Ke3 c5 42. Kd2 b4 43. axb4 cxb4 44. Ke3 a4 45. bxa4 Nxa4 46. Bc2 Nc5 47. Kd4 b3 48. Bb1 Ne6+ 49. Kc3 Nxf4 50. Bxg6 Kxg6 51. Kxb3 Nxh3 {[%emt 0:00:51] An even fight not without its subleties.   Weighted Error Value: White=0.04 (flawless) /Black=0.03 (flawless)} 1/2-1/2

[Event "14th Chennai GM Open 2023"]
[Site "Chennai"]
[Date "2024.01.03"]
[Round "5.5"]
[White "Srihari L R"]
[Black "Jaiswal, Rupesh"]
[Result "1-0"]
[ECO "E64"]
[WhiteElo "2467"]
[BlackElo "2009"]
[Annotator "TA"]
[PlyCount "119"]
[EventDate "2023.12.31"]
[EventType "swiss"]
[EventCountry "IND"]
[SourceTitle "playchess.com"]
[Source "ChessBase"]
[SourceQuality "1"]
[TimeControl "5400+30"]

1. d4 Nf6 2. c4 g6 3. g3 Bg7 4. Bg2 O-O 5. Nc3 d6 6. Nf3 c5 7. d5 e6 8. O-O {[%emt 0:00:00] E64: King's Indian: Fianchetto: 6...c5 7 d5.} Re8 9. Bf4 {[%emt 0:00:00] 9.Re1 gains popularity.} e5 10. Bg5 {[%emt 0:00:00] White is slightly better.} h6 11. Bxf6 Qxf6 12. e4 {[%emt 0:05:30] [#]} Qe7 $146 ({Predecessor:} 12... h5 13. Rb1 Bh6 14. b4 cxb4 15. Rxb4 Na6 16. Rb2 b6 17. Qa4 Rd8 18. Nb5 Nc5 {0-1 Comellas Blanchart,J (1986)-Dhruva,T (2079) Barcelona Sant Marti op-A 23rd 2023 (6)}) 13. Ne1 f5 14. Nd3 Nd7 15. Qc2 f4 16. Nb5 Rf8 17. Nc7 Rb8 18. Ne6 $36 {[%emt 0:00:00][%mdl 2048] [#] Black is under pressure.} f3 19. Bh1 $1 $16 {[%emt 0:00:00] White has more active pieces. The black rooks are badly placed.} Rf6 20. Ne1 Qf7 21. Qd3 Nb6 22. Nxg7 ({But not} 22. Nxf3 $6 Bxe6 23. dxe6 Qxe6 $11) 22... Kxg7 23. Bxf3 ({Reject} 23. Nxf3 $6 Bh3 $11) 23... Bd7 24. Bg2 Rf8 25. f3 g5 26. b3 g4 27. fxg4 Rxf1+ 28. Qxf1 Qxf1+ 29. Bxf1 {[%emt 0:00:00] Black must now prevent h3.} Bxg4 30. Nd3 Nd7 31. Nf2 Nf6 32. Re1 Bd7 33. Be2 Kg6 34. a3 Kf7 35. b4 Ke7 36. Kg2 (36. bxc5 $16 dxc5 37. a4) 36... b6 37. Ra1 Ba4 (37... Rc8 $14) 38. Rc1 Be8 39. Bf3 Bg6 {[%emt 0:00:27] [#]} 40. Rc3 (40. bxc5 $1 $16 {And now c6 would win.} bxc5 41. Rb1) 40... Rc8 41. Kf1 h5 42. Ke2 Nh7 43. Ke3 Rf8 (43... Nf6 $14) 44. Nd3 (44. bxc5 $142 {c6 would be deadly.} dxc5 45. Be2) 44... Kd7 45. Rc1 Nf6 46. Nf2 {[%emt 0:00:53] Against Ng4+} Nh7 47. h4 Nf6 48. Rg1 Ke7 {[%emt 0:00:56] [#]} (48... Rh8 $16 {might work better.}) 49. bxc5 $1 $18 dxc5 (49... bxc5 $142 50. Rb1 Nd7) 50. g4 hxg4 51. Nxg4 Nxg4+ 52. Rxg4 {[%emt 0:01:08][%mdl 4096] Endgame KRB-KRB} ({Not} 52. Bxg4 Rh8 $18) 52... Kf6 53. Rg1 {[%emt 0:00:37] aiming for h5.} Rh8 54. h5 Bf7 (54... Be8 55. Be2 Ke7) 55. Be2 {[%emt 0:00:12] White is clearly winning.} Rh7 (55... Be8 $142 56. Rf1+ Ke7) 56. Rf1+ Ke7 57. Rf5 Kd6 58. Rf6+ Kc7 59. h6 Be8 60. Bg4 {[%emt 0:00:18] Weighted Error Value: White=0.11 (very precise) /Black=0.28 (precise)} 1-0

[Event "14th Chennai GM Open 2023"]
[Site "Chennai"]
[Date "2024.01.03"]
[Round "5.6"]
[White "Ziatdinov, Raset"]
[Black "Ajay Karthikeyan"]
[Result "1-0"]
[ECO "A43"]
[WhiteElo "2100"]
[BlackElo "2423"]
[Annotator "RC"]
[PlyCount "77"]
[EventDate "2023.12.31"]
[EventType "swiss"]
[EventCountry "IND"]
[SourceTitle "playchess.com"]
[Source "ChessBase"]
[SourceQuality "1"]
[TimeControl "5400+30"]

1. e4 g6 2. d4 Bg7 3. Nf3 c5 4. d5 d6 5. Be2 Nf6 6. Nc3 O-O 7. O-O Na6 8. Re1 Bg4 9. Be3 Bxf3 10. Bxf3 Rb8 11. a4 Nc7 12. h4 b6 13. h5 a6 14. h6 Bh8 15. Bg5 Nd7 16. Be2 Re8 17. Qd2 b5 18. Reb1 Rb7 19. Bf1 Qb8 20. axb5 axb5 21. Ra5 b4 22. Nd1 Ra7 23. Rxa7 Qxa7 24. Ne3 Kf8 25. Nc4 Qa2 26. Qe1 Ra8 27. e5 dxe5 28. Bxe7+ Kg8 29. d6 Ne6 30. Ne3 Nb6 31. c3 b3 32. Nc4 Nd7 33. Na3 Nef8 34. Qe4 Rb8 35. Bc4 Nb6 36. Bb5 Nbd7 37. Bxd7 Nxd7 38. Qc6 Nf8 39. d7 1-0

[Event "14th Chennai GM Open 2023"]
[Site "Chennai"]
[Date "2024.01.03"]
[Round "5.7"]
[White "Viani Antonio Dcunha"]
[Black "Majumder Shrayan"]
[Result "1/2-1/2"]
[ECO "C09"]
[WhiteElo "2407"]
[BlackElo "1916"]
[Annotator "RC"]
[PlyCount "176"]
[EventDate "2023.12.31"]
[EventType "swiss"]
[EventCountry "IND"]
[SourceTitle "playchess.com"]
[Source "ChessBase"]
[SourceQuality "1"]
[TimeControl "5400+30"]

1. e4 c5 2. Nf3 Nc6 3. c3 e6 4. d4 d5 5. exd5 exd5 6. Bb5 Bd6 7. O-O Nge7 8. dxc5 Bxc5 9. Nbd2 O-O 10. Nb3 Bd6 11. Be3 Qc7 12. Re1 Bg4 13. h3 Bh5 14. Be2 Rad8 15. Nfd4 Bxe2 16. Qxe2 a6 17. Bg5 Rde8 18. Nxc6 Qxc6 19. Nd4 Qd7 20. Bxe7 Rxe7 21. Qd3 g6 22. Rxe7 Bxe7 23. Rd1 Rd8 24. Ne2 Bd6 25. Kf1 Be5 26. a3 Kg7 27. Rd2 Kg8 28. Qf3 Qc6 29. g3 Kg7 30. Kg2 h5 31. h4 Qf6 32. Qe3 Bc7 33. Rd3 Bb6 34. Nd4 Bxd4 35. Rxd4 b5 36. Rf4 Qe6 37. Qd4+ Kg8 38. Rf3 Rd6 39. Re3 Qd7 40. Re5 Qc6 41. Kg1 Qd7 42. Kh2 Qc6 43. f4 f6 44. Re7 Re6 45. Qa7 Rxe7 46. Qxe7 f5 47. Kg1 Qb6+ 48. Kf1 d4 49. Qe8+ Kg7 50. Qe5+ Kf7 51. Qd5+ Ke7 52. cxd4 Qd6 53. Qe5+ Kd7 54. d5 Qc5 55. Kg2 Qc2+ 56. Kh3 Qd1 57. Qe6+ Kd8 58. Qd6+ Ke8 59. Qxg6+ Kd8 60. Qd6+ Ke8 61. Qe6+ Kd8 62. Qf6+ Ke8 63. Qg6+ Kd8 64. Qg5+ Ke8 65. Qg8+ Kd7 66. Qf7+ Kd8 67. Qf8+ Kc7 68. Qe7+ Kb6 69. Qd6+ Ka5 70. Qb4+ Kb6 71. Kh2 Qxd5 72. Qc3 Qd1 73. Qf6+ Kb7 74. Qe7+ Kb6 75. Qe6+ Kb7 76. Qe5 Qd2+ 77. Kh3 Qd1 78. Kg2 Qc2+ 79. Kf3 Qd3+ 80. Qe3 Qf1+ 81. Qf2 Qxf2+ 82. Kxf2 Kc6 83. Ke3 Kd5 84. Kd3 a5 85. b3 b4 86. a4 Kc5 87. Ke3 Kd5 88. Kd3 Kc5 1/2-1/2

[Event "14th Chennai GM Open 2023"]
[Site "Chennai"]
[Date "2024.01.03"]
[Round "5.8"]
[White "Tologon tegin, Semetei"]
[Black "Aakash G"]
[Result "0-1"]
[ECO "D10"]
[WhiteElo "2384"]
[BlackElo "1823"]
[Annotator "RC"]
[PlyCount "149"]
[EventDate "2023.12.31"]
[EventType "swiss"]
[EventCountry "IND"]
[SourceTitle "playchess.com"]
[Source "ChessBase"]
[SourceQuality "1"]
[TimeControl "5400+30"]

1. d4 d5 2. c4 c6 3. cxd5 cxd5 4. Nc3 Nf6 5. Bf4 Nc6 6. e3 a6 7. Bd3 Bg4 8. f3 Bd7 9. Nge2 e6 10. g4 Qb6 11. Rb1 Nb4 12. Kf2 Bd6 13. Rc1 Bxf4 14. exf4 h5 15. g5 Nxd3+ 16. Qxd3 Ng8 17. Qd2 Ne7 18. h4 Nf5 19. Rcd1 O-O 20. Ng3 Nxg3 21. Kxg3 f6 22. Rde1 Qd6 23. g6 f5 24. Kf2 Be8 25. Rhg1 Rf6 26. Rg5 Rxg6 27. Rxg6 Bxg6 28. Rc1 Qe7 29. Kg3 Be8 30. Nd1 Qf6 31. Nf2 Qg6+ 32. Kh3 Bb5 33. b3 a5 34. a4 Ba6 35. Qe1 b5 36. Qe5 bxa4 37. bxa4 Qf6 38. Kg3 Bc4 39. Rb1 Qg6+ 40. Kh2 Qf6 41. Kg3 Qg6+ 42. Kh2 Qf6 43. Nh3 Qxh4 44. Rb7 Qf6 45. Rb8+ Rxb8 46. Qxb8+ Qf8 47. Qb6 Qe8 48. Ng5 Kh8 49. Kg3 Bd3 50. Qxa5 Bc2 51. Qe1 Bxa4 52. Qe5 Bd7 53. Kh4 Kg8 54. Qd6 Qd8 55. Kh3 Qc8 56. Qe7 Qe8 57. Qb4 Qc8 58. Qb6 Qc6 59. Qd8+ Be8 60. Kh4 Kf8 61. Nh7+ Kg8 62. Ng5 Kf8 63. Qb8 Kg8 64. Qe5 Bd7 65. Kxh5 Qc2 66. Qb8+ Bc8 67. Nh3 Qc3 68. Kg6 Qc6 69. Kg5 Qb7 70. Qd6 Qd7 71. Qc5 Qd8+ 72. Kh5 g6+ 73. Kh6 Bd7 74. Ng5 Qf6 75. Nf7 0-1

[Event "14th Chennai GM Open 2023"]
[Site "Chennai"]
[Date "2024.01.03"]
[Round "5.9"]
[White "Shahil Dey"]
[Black "Jake Shanty"]
[Result "1/2-1/2"]
[ECO "B20"]
[WhiteElo "2368"]
[BlackElo "1903"]
[Annotator "RC"]
[PlyCount "97"]
[EventDate "2023.12.31"]
[EventType "swiss"]
[EventCountry "IND"]
[SourceTitle "playchess.com"]
[Source "ChessBase"]
[SourceQuality "1"]
[TimeControl "5400+30"]

1. e4 c5 2. Ne2 d6 3. g3 Nc6 4. Bg2 g6 5. c3 Bg7 6. d4 e5 7. dxc5 dxc5 8. Qxd8+ Kxd8 9. Na3 Be6 10. Be3 b6 11. f4 Nf6 12. f5 Bd7 13. h3 h6 14. g4 Ke7 15. Nc4 Ne8 16. Bf2 Nc7 17. a4 Nd8 18. a5 Nb7 19. axb6 axb6 20. Kd2 Rxa1 21. Rxa1 Ra8 22. Rxa8 Nxa8 23. b4 g5 24. bxc5 bxc5 25. Nc1 Bb5 26. Na3 Ba6 27. Bf3 Nb6 28. Bd1 Kd6 29. Bb3 f6 30. Bf7 Bf1 31. h4 Bh3 32. hxg5 hxg5 33. Nb5+ Kd7 34. Nd3 Bf8 35. c4 Bxg4 36. Nc3 Bf3 37. Ne1 Bg4 38. Ng2 Bf3 39. Ne1 Bg4 40. Be6+ Kd8 41. Nd3 Bf3 42. Ke3 Bh5 43. Kd2 Bf3 44. Ne1 Bh5 45. Kd3 Na5 46. Nc2 Nb3 47. Ne3 Nd4 48. Ncd5 Nxd5 49. Nxd5 1/2-1/2

[Event "14th Chennai GM Open 2023"]
[Site "Chennai"]
[Date "2024.01.03"]
[Round "5.10"]
[White "Laxman, R.R."]
[Black "Gaikwad Manas"]
[Result "1-0"]
[ECO "E63"]
[WhiteElo "2338"]
[BlackElo "1860"]
[Annotator "RC"]
[PlyCount "109"]
[EventDate "2023.12.31"]
[EventType "swiss"]
[EventCountry "IND"]
[SourceTitle "playchess.com"]
[Source "ChessBase"]
[SourceQuality "1"]
[TimeControl "5400+30"]

1. d4 Nf6 2. c4 g6 3. Nf3 Bg7 4. g3 O-O 5. Bg2 d6 6. O-O Nc6 7. Nc3 a6 8. b3 Rb8 9. Nd5 e6 10. Nxf6+ Bxf6 11. Bh6 Re8 12. Rc1 e5 13. d5 Ne7 14. e4 c5 15. Ne1 Bg7 16. Bxg7 Kxg7 17. f4 Ng8 18. fxe5 dxe5 19. Nd3 b6 20. Qd2 Qd6 21. b4 cxb4 22. Qxb4 Qxb4 23. Nxb4 Bb7 24. Nd3 a5 25. Rf3 Ba6 26. g4 Rbc8 27. Nb2 Rc5 28. g5 f6 29. h4 b5 30. Rcf1 bxc4 31. gxf6+ Kf7 32. Na4 Rb5 33. Rc3 Reb8 34. Bh3 Rb1 35. Be6+ Kf8 36. Nc5 Rxf1+ 37. Kxf1 Bc8 38. Rf3 Rb5 39. Na4 Rb8 40. Bxc8 Rxc8 41. Nb6 Rc7 42. d6 Rb7 43. d7 Rb8 44. Nc8 Rb1+ 45. Ke2 Rb2+ 46. Kd1 Nxf6 47. d8=Q+ Kg7 48. Qxf6+ Kh6 49. Qg5+ Kg7 50. Qxe5+ Kh6 51. Qxb2 c3 52. Qxc3 a4 53. Qe5 a3 54. Ne7 g5 55. Qxg5# 1-0

[Event "14th Chennai GM Open 2023"]
[Site "Chennai"]
[Date "2024.01.03"]
[Round "5.11"]
[White "Pawar, Harshit"]
[Black "Avinash Ramesh"]
[Result "1-0"]
[ECO "B23"]
[WhiteElo "1945"]
[BlackElo "2290"]
[Annotator "RC"]
[PlyCount "105"]
[EventDate "2023.12.31"]
[EventType "swiss"]
[EventCountry "IND"]
[SourceTitle "playchess.com"]
[Source "ChessBase"]
[SourceQuality "1"]
[TimeControl "5400+30"]

1. e4 c5 2. Nc3 Nc6 3. Bb5 Nd4 4. Bc4 a6 5. d3 e6 6. a3 Nf6 7. Nge2 Nc6 8. Ba2 Be7 9. O-O b5 10. f4 d5 11. e5 Nd7 12. Ng3 g6 13. Nce2 h5 14. h3 Bb7 15. c3 h4 16. Nh1 d4 17. cxd4 cxd4 18. Nf2 Qb6 19. Kh2 O-O-O 20. Ng1 g5 21. Nf3 gxf4 22. Bxf4 Nf8 23. Kg1 Ng6 24. Bh2 Kb8 25. Rc1 Ka8 26. Qe2 Rdg8 27. Ng4 Rg7 28. Kh1 Bd8 29. Rf2 Nce7 30. Ng5 Nf5 31. Ne4 Ng3+ 32. Bxg3 hxg3 33. Rff1 Bc7 34. Kg1 Nh4 35. b4 Bb8 36. Bb3 Nf5 37. Nc5 Bc6 38. a4 Ba7 39. axb5 Bxb5 40. Bd5+ exd5 41. Rxf5 Qg6 42. Rf6 Qg5 43. Rcf1 Rd8 44. Nxa6 Rc8 45. Qf3 Bxa6 46. Rxa6 Qe7 47. Rfa1 Rc7 48. b5 Kb8 49. b6 Rb7 50. bxa7+ Ka8 51. Qxd5 Rxg4 52. hxg4 f5 53. Qg8+ 1-0